 Dungeon Crawl Stone Soup version bcrawl-1.12-11-gb93c957c58 (webtiles) character file.

Game seed: 16070332581558558024

430 Freyura the Skirmisher (level 6, -10/60 HPs)
             Began as a Hill Orc Fighter on June 20, 2019.
             Mangled by an ogre
             ... wielding a +0 giant club
              (24 damage)
             ... on level 5 of the Dungeon.
             The game lasted 00:08:54 (3021 turns).

Freyura the Skirmisher (Hill Orc Fighter)           Turns: 3021, Time: 00:08:55

Health: -10/60     AC:  6    Str: 23    XL:     6   Next: 99%
Magic:  6/6        EV:  8    Int:  8    God:
Gold:   233        SH:  9    Dex: 12    Spells: 5/5 levels left

rFire    + . .     SeeInvis .   a - +0 flail
rCold    . . .     Gourm    .   c - +0 shield
rNeg     . . .     Faith    .   w - +1 robe of Resonance {Str+4} (curse)
rPois    .         Spirit   .   (no helmet)
rElec    .         Reflect  .   r - +0 cloak
rCorr    .         Harm     .   (no gloves)
MR       .....                  h - +1 pair of boots
Stlth    +.........             e - amulet of magic regeneration
HPRegen  0.20/turn              v - ring of protection from fire
MPRegen  0.35/turn              (no ring)

@: no status effects
A: no striking features
a: no special abilities


You were on level 5 of the Dungeon.
You were not hungry.

You visited 1 branch of the dungeon, and saw 5 of its levels.

You collected 233 gold pieces.

Inventory:

Hand Weapons
 a - a +0 flail (weapon)
Armour
 b - a +0 scale mail
 c - a +0 shield (worn)
 h - a +1 pair of boots (worn)
 k - a +0 buckler
 r - a +0 cloak (worn)
 w - the cursed +1 robe of Resonance (worn) {Str+4}
   (You found it on level 4 of the Dungeon)

   It affects your strength (+4).
   It has a curse placed upon it.
Magical Staves
 g - an uncursed staff of power
 j - an uncursed staff of earth
Jewellery
 e - an amulet of magic regeneration (around neck)
 v - a ring of protection from fire (left hand)
Scrolls
 i - 2 scrolls of remove curse
 l - 2 scrolls of teleportation
 m - a scroll of identify
Potions
 d - 2 potions of might
 n - a potion of mutation {unknown}
 o - a potion of flight
 p - a potion of brilliance
 q - a potion of lignification {unknown}
 s - a potion of invisibility {unknown}
 t - a potion of curing {unknown}
Comestibles
 f - 9 rations {!d}
 u - a chunk of flesh


   Skills:
 * Level 7.2 Fighting
   Level 7.2 Short Blades
   Level 7.2 Long Blades
   Level 7.2 Axes
   Level 7.2 Maces & Flails
   Level 7.2 Polearms
   Level 7.2 Staves
 - Level 3.2 Armour
 + Level 3.2 Shields
   Level 7.2 Unarmed Combat


You had 5 spell levels left.
You didn't know any spells.
Your spell library was empty.

Dungeon Overview and Level Annotations

Branches:
Dungeon (5/12)
 Temple: D:4-7

Altars:
Hepliaklqana


Message History

Your shield prevents you from hitting the ogre.
The ogre is moderately wounded.
You hit the ogre.
The ogre is moderately wounded.
The ogre hits you with a +0 giant club!
* * * LOW HITPOINT WARNING * * *
You barely miss the ogre.
The ogre is moderately wounded.
The ogre hits you with a +0 giant club.
* * * LOW HITPOINT WARNING * * *
You barely miss the ogre.
The ogre is moderately wounded.
You block the ogre's attack.
You barely miss the ogre.
The ogre is moderately wounded.
You block the ogre's attack.
You sock the ogre!
The ogre is severely wounded.
The ogre hits you with a +0 giant club!!
You die...

### ######
##..##....#
..........+ ...#
........#..r.#
..!...#....#
#O...#..[.#
#.@.>##...#
...##....##...#
#..............#
##......).†....#
#..##....##<..#
#.. #....##...#
#.. #....#....#
## #....######
#....#


You could see an ogre.

Vanquished Creatures
  An ogre (D:5)
  A water moccasin skeleton (D:4)
  3 crimson imps (D:4)
  A hound (D:3)
  A centaur skeleton (D:4)
  Crazy Yiuf (D:2)
  An iguana (D:4)
  An adder (D:3)
  2 oozes (D:2)
  An adder skeleton (D:3)
  A worm (D:2)
  2 dart slugs
  3 leopard geckos
  5 orcs
  A ball python (D:1)
  3 giant cockroaches
  4 goblins
  6 hobgoblins
  3 jackals (D:1)
  5 quokkas
  A bat (D:1)
  3 frilled lizards
  A jackal skeleton (D:4)
  4 kobolds
  2 rats (D:1)
57 creatures vanquished.

Notes
Turn   | Place    | Note
-------+----------+-------------------------------------------
     0 | D:1      | Freyura the Hill Orc Fighter began the quest for the Orb.
     0 | D:1      | Reached XP level 1. HP: 20/20 MP: 1/1
   219 | D:1      | Reached XP level 2. HP: 28/28 MP: 2/2
   900 | D:2      | Reached XP level 3. HP: 33/34 MP: 3/3
  1150 | D:2      | Found a runed door.
  1155 | D:2      | Noticed Crazy Yiuf
  1158 | D:2      | Killed Crazy Yiuf
  1158 | D:2      | Reached skill level 5 in Fighting
  1158 | D:2      | Reached XP level 4. HP: 42/42 MP: 4/4
  2233 | D:3      | Found a hazy altar of Hepliaklqana.
  2262 | D:3      | Reached XP level 5. HP: 44/50 MP: 5/5
  2447 | D:4      | Reached skill level 6 in Fighting
  2638 | D:4      | Got a tattered robe
  2649 | D:4      | Identified the cursed +1 robe of Resonance {Str+4} (You
                  | found it on level 4 of the Dungeon)
  2723 | D:4      | Reached XP level 6. HP: 58/58 MP: 6/6
  2996 | D:5      | Entered Level 5 of the Dungeon
  3006 | D:5      | Reached skill level 7 in Fighting
  3021 | D:5      | Mangled by an ogre

Skill      XL: |  1  2  3  4  5  6 |
---------------+-------------------+-----
Fighting       | 5 6 7 |  7.2
Short Blades   | |  7.2
Long Blades    | |  7.2
Axes           | |  7.2
Maces & Flails | |  7.2
Polearms       | |  7.2
Staves         | |  7.2
Armour         | |  3.2
Shields        | |  3.2
Unarmed Combat | |  7.2

Action                   |  1- 3 |  4- 6 || total
-------------------------+-------+-------++-------
Melee: Flail             |    80 |   148 ||   228
       Staff             |       |    16 ||    16
  Use: Potion            |     1 |       ||     1
       Scroll            |       |    11 ||    11
  Eat: Chunk             |     1 |     6 ||     7
Armor: Scale mail        |    28 |    66 ||    94
       Robe              |       |     8 ||     8
Dodge: Dodged            |    29 |    51 ||    80
Block: Shield            |    39 |    74 ||   113
